 Dungeon Crawl Stone Soup version 0.22-a0-358-g7563fe7 (webtiles) character file.

3327 Amnesiac the Thaumaturge (level 9, -1/73 HPs)
             Began as a Deep Elf Conjurer on Apr 18, 2018.
             Was an Initiate of Gozag.
             Slain by a killer bee (2 damage)
             ... on level 7 of the Dungeon.
             The game lasted 00:10:17 (8223 turns).

Amnesiac the Thaumaturge (Deep Elf Conjurer)        Turns: 8223, Time: 00:10:18

Health: -1/73      AC:  6    Str:  8    XL:     9   Next: 71%
Magic:  0/26       EV: 13    Int: 24    God:    Gozag
Gold:   793        SH:  0    Dex: 15    Spells: 27/31 levels left

rFire    + . .     SeeInvis .   a - +1 short sword
rCold    + . .     Gourm    .   (no shield)
rNeg     . . .     Faith    .   p - +2 robe {MR+}
rPois    .         Spirit   +   (no helmet)
rElec    .         Reflect  .   w - scarf {rC+ rF+}
rCorr    .         Harm     .   (no gloves)
MR       .....                  (no boots)
Stlth    ..........             u - amulet of guardian spirit
HPRegen  0.22/turn              q - ring of flight
MPRegen  0.20/turn              (no ring)

@: berserking, lethally poisoned (-1 -> -21), vulnerable, gold aura, very
slightly contaminated, very quick
A: yellow scales 1, mutation resistance 1, weak 1
a: Potion Petition, Call Merchant, Bribe Branch, Renounce Religion, Evoke Flight


You were on level 7 of the Dungeon.
You worshipped Gozag.
Gozag was pleased with you.
You were hungry.

You visited 1 branch of the dungeon, and saw 7 of its levels.

You collected 1162 gold pieces.
You spent 356 gold pieces at shops.
You paid 13 gold pieces to Gozag.

Inventory:

Hand Weapons
 a - a +1 short sword (weapon)
Missiles
 d - 6 curare-tipped needles
Armour
 p - a +2 robe of magic resistance (worn)
 w - a scarf of resistance (worn)
Jewellery
 q - a ring of flight (left hand)
 u - an amulet of guardian spirit (around neck)
 v - a cursed -4 ring of protection {unknown}
Scrolls
 e - a scroll of fear {!r}
 f - 2 scrolls of enchant weapon {!r}
 h - 2 scrolls of blinking {!r}
 j - 7 scrolls of remove curse {!r}
 m - 5 scrolls of teleportation {!r}
 o - a scroll of identify {!r}
 r - a scroll of amnesia {!r}
 x - 2 scrolls of enchant armour {!r}
Potions
 b - 3 potions of curing {!q}
 g - 2 potions of agility {!q, unknown}
 k - a potion of berserk rage {!q}
 l - a potion of might {!q}
 n - 4 potions of heal wounds {!q}
 s - a potion of lignification {!q}
 t - a potion of mutation {!q}
 z - 2 potions of haste {!q}
Comestibles
 c - 5 rations


   Skills:
 - Level 2.5 Fighting
 - Level 2.5 Dodging
 - Level 2.4 Stealth
 - Level 11.5 Spellcasting
 * Level 8.8 Conjurations
 - Level 8.0 Evocations


You had 27 spell levels left.
You knew the following spells:

 Your Spells              Type           Power        Failure   Level  Hunger
a - Iskenderun's Mystic   Conj           ######..     1%          4    None


Dungeon Overview and Level Annotations

Branches:
Dungeon (7/15)             Temple (0/1) D:4

Altars:
Dithmenos
Fedhas
Gozag
Nemelex Xobeh
Okawaru
Uskayaw
Yredelemnul

Shops:
D:5 ?


Innate Abilities, Weirdness & Mutations

You are partially covered in yellow scales. (AC +2)
You are somewhat resistant to further mutation.
You are weak. (Str -2)


Message History

The scroll dissolves into smoke.
It was a scroll of fog {!r}.
The killer bee barely misses you. The killer bee closely misses you.
The killer bee barely misses you. The killer bee misses you.
You feel sick. The killer bee stings you.
* * * LOW HITPOINT WARNING * * *
The killer bee stings you!
* * * LOW HITPOINT WARNING * * *
You are more poisoned.
The killer bee poisons you! The killer bee misses you.
The killer bee closely misses you.
You aren't carrying any items that you can evoke.
Really quaff
k - 2 viscous inky potions {!q}?
It was a potion of berserk rage {!q}.
A red film seems to cover your vision as you go berserk!
You feel yourself moving faster!
You feel mighty!
You feel sick.
The killer bee barely misses you. x2; The killer bee closely misses you.
The killer bee misses you.
You barely miss the killer bee.
The killer bee is severely wounded.
You feel sick. The killer bee stings you.
* * * LOW HITPOINT WARNING * * *
You are more poisoned.
The killer bee poisons you! The killer bee closely misses you.
You miss the killer bee.
The killer bee is severely wounded.
You feel sick. The killer bee barely misses you. x2
The killer bee stings you.
* * * LOW HITPOINT WARNING * * *
The killer bee stings you.
* * * LOW HITPOINT WARNING * * *
You are lethally poisoned!
The killer bee poisons you!
You hit the killer bee.
You kill the killer bee!
* * * LOW HITPOINT WARNING * * *
You feel sick.
The killer bee stings you but does no damage.
You puncture the killer bee!
The killer bee is almost dead.
* * * LOW HITPOINT WARNING * * *
You feel sick.
The killer bee stings you but does no damage.
You miss the killer bee.
The killer bee is almost dead.
* * * LOW HITPOINT WARNING * * *
You feel sick. The killer bee stings you.
* * * LOW HITPOINT WARNING * * *
You are more poisoned.
The killer bee poisons you! The killer bee stings you.
* * * LOW HITPOINT WARNING * * *
You miss the killer bee.
The killer bee is almost dead.
* * * LOW HITPOINT WARNING * * *
You feel sick. The killer bee barely misses you.
You barely miss the killer bee.
The killer bee is almost dead.
* * * LOW HITPOINT WARNING * * *
You feel sick. The killer bee barely misses you. x2
You miss the killer bee.
The killer bee is severely wounded.
* * * LOW HITPOINT WARNING * * *
You feel sick. The killer bee stings you.
You die...
Your body crumbles into a pile of gold.

##.####.......##
##..[
##..#........##
##..
###............#
###
##...#..........#
#
##...#..........##
##..###...§......#
#..## ##...§..§§##
#### #....§§§§#
#..... #....§§@§##
...... ########y§#
...... #§§#
#......
##§##.......
#§§#.......
#..#.......
##.$...$$..
#.........
#..........


You could see a killer bee.

Vanquished Creatures
  A two-headed ogre (D:7)
  A hippogriff (D:7)
  Menkaure (D:4)
  Edmund (D:5)
  An orc warrior (D:7)
  An ice beast (D:6)
  2 sky beasts (D:6)
  A black bear (D:7)
  3 phantoms
  An ogre (D:5)
  A centaur (D:6)
  3 bullfrogs
  3 scorpions
  4 killer bees (D:7)
  A crimson imp (D:6)
  5 hounds
  An orc priest (D:7)
  4 orc wizards
  Jessica (D:2)
  A bullfrog skeleton (D:7)
  A centaur skeleton (D:6)
  2 iguanas (D:7)
  3 worker ants
  9 gnolls
  10 adders
  A shadow imp (D:5)
  An ooze (D:5)
  2 adder skeletons (D:5)
  2 adder zombies (D:6)
  4 worms
  2 dart slugs
  4 leopard geckos
  18 orcs
  2 ball pythons
  3 giant cockroaches
  9 goblins
  4 hobgoblins (D:1)
  8 jackals
  3 kobolds (D:1)
  6 quokkas
  4 bats
  5 frilled lizards
  A leopard gecko zombie (D:5)
  A quokka zombie (D:5)
  11 rats
153 creatures vanquished.

Notes
Turn   | Place    | Note
-------+----------+-------------------------------------------
     0 | D:1      | Amnesiac the Deep Elf Conjurer began the quest for the Orb.
     0 | D:1      | Reached XP level 1. HP: 10/10 MP: 6/6
    57 | D:1      | Reached skill level 1 in Fighting
    72 | D:1      | Reached XP level 2. HP: 16/16 MP: 0/8
   520 | D:1      | Reached XP level 3. HP: 21/21 MP: 6/9
   894 | D:2      | Found a faded altar of an unknown god.
  1055 | D:2      | Found a sparkling altar of Nemelex Xobeh.
  1056 | D:2      | Found an opulent altar of Gozag.
  1061 | D:2      | Became a worshipper of Gozag Ym Sagoz the Greedy
  1170 | D:2      | Found an iron altar of Okawaru.
  1706 | D:2      | Noticed Jessica
  1710 | D:2      | Killed Jessica
  1710 | D:2      | Reached skill level 4 in Spellcasting
  1710 | D:2      | Reached XP level 4. HP: 27/27 MP: 8/12
  2112 | D:3      | Learned a level 4 spell: Iskenderun's Mystic Blast
  2559 | D:3      | Found a basalt altar of Yredelemnul.
  2600 | D:4      | Found a staircase to the Ecumenical Temple.
  2626 | D:4      | Reached skill level 5 in Spellcasting
  2626 | D:4      | Reached skill level 5 in Conjurations
  2626 | D:4      | Reached XP level 5. HP: 24/31 MP: 3/14
  2860 | D:4      | Found a hide-covered altar of Uskayaw.
  2931 | D:4      | Noticed Menkaure
  2938 | D:4      | Killed Menkaure
  2938 | D:4      | Reached skill level 6 in Spellcasting
  2938 | D:4      | Reached XP level 6. HP: 21/36 MP: 7/17
  3384 | D:5      | Entered Level 5 of the Dungeon
  3396 | D:4      | Gained mutation: You are clumsy. (Dex -2) [potion of mutation]
  3396 | D:4      | Gained mutation: Scrolls take you a little longer to read. [potion of mutation]
  3396 | D:4      | Gained mutation: You have large cloven feet. [potion of mutation]
  3397 | D:4      | Lost mutation: You are clumsy. (Dex -2) [potion of mutation]
  3397 | D:4      | Lost mutation: You have large cloven feet. [potion of mutation]
  3397 | D:4      | Lost mutation: Scrolls take you a little longer to read. [potion of mutation]
  3397 | D:4      | Gained mutation: You are partially covered in yellow scales. (AC +2) [potion of mutation]
  3397 | D:4      | Gained mutation: You are weak. (Str -2) [potion of mutation]
  3397 | D:4      | Gained mutation: You are somewhat resistant to further mutation. [potion of mutation]
  3419 | D:4      | Reached skill level 7 in Spellcasting
  3853 | D:5      | Reached XP level 7. HP: 38/40 MP: 11/20
  3882 | D:5      | Reached skill level 8 in Spellcasting
  4305 | D:5      | Noticed Edmund
  4314 | D:5      | Killed Edmund
  4432 | D:5      | Found Tuyk's Magic Scroll Emporium.
  4438 | D:5      | Bought a scroll of identify for 26 gold pieces
  4448 | D:5      | Bought a scroll of identify for 26 gold pieces
  4448 | D:5      | Bought a scroll of identify for 26 gold pieces
  4448 | D:5      | Bought a scroll of teleportation for 39 gold pieces
  4448 | D:5      | Bought a scroll of fear for 45 gold pieces
  4448 | D:5      | Bought a scroll of enchant armour for 97 gold pieces
  4448 | D:5      | Bought a scroll of silence for 97 gold pieces
  4856 | D:5      | Reached skill level 1 in Evocations
  5201 | D:6      | Reached XP level 8. HP: 45/45 MP: 8/22
  6164 | D:6      | Reached skill level 5 in Evocations
  6233 | D:6      | Found a blossoming altar of Fedhas.
  7095 | D:7      | Reached XP level 9. HP: 49/49 MP: 11/23
  7207 | D:7      | Reached skill level 9 in Spellcasting
  7243 | D:7      | Found a shadowy altar of Dithmenos.
  7628 | D:7      | Noticed a two-headed ogre
  7644 | D:7      | Killed a two-headed ogre
  7644 | D:7      | Reached skill level 11 in Spellcasting
  8222 | D:7      | HP: 2/73 [poisoned by a killer bee]
  8223 | D:7      | Slain by a killer bee

Vault maps used:
D:1:      zaba_arrival_water, minmay_pentomino_v4
D:2:      cheibrodos_helix_gallery, grunt_temple_overflow_opulence,
          okawaru_metal_pillars_1_2, chequers_ecumenical_altar_simple,
          serial_co_window_serial, co_window_of_opportunity_a,
          co_window_paths_a, co_window_corner_a, co_window_corner_a,
          co_window_paths_a, co_window_broadway_c, co_window_broadway_c,
          co_window_broadway_a, co_window_of_opportunity_b,
          co_window_broadway_b, co_window_paths_c, glass_columns_a,
          glass_columns_a, glass_columns_a, glass_columns_c, glass_columns_a,
          uniq_jessica
D:3:      lemuel_coloured_pillars_altar, first_ration, minmay_fountain_box
D:4:      eat_drink_and_be_merry_uskayaw, minmay_temple_entry_trees,
          uniq_menkaure
D:5:      serial_shops, kennysheep_little_box, grunt_ministairs_1, uniq_edmund
D:6:      nicolae_overflow_crystal_walls
D:7:      old_standard_altar, minitemple

Skill      XL: |  1  2  3  4  5  6  7  8  9 |
---------------+----------------------------+-----
Fighting       | 1 2 |  2.5
Spellcasting   | 4 5 6 7 8 11 | 11.5
Conjurations   | 5 6 8 |  8.8
Evocations     | 1 8 |  8.0
Dodging        | |  2.5
Stealth        | |  2.4

Action                   |  1- 3 |  4- 6 |  7- 9 || total
-------------------------+-------+-------+-------++-------
Melee: Unarmed           |     7 |       |       ||     7
       Short sword       |     2 |       |    96 ||    98
 Cast: Magic Dart        |    99 |   136 |    22 ||   257
       Iskenderun's Myst |       |     4 |   109 ||   113
Evoke: Wand              |       |       |     9 ||     9
  Use: Potion            |       |     4 |     1 ||     5
       Scroll            |       |       |    14 ||    14
 Stab: Distracted        |       |       |     1 ||     1
  Eat: Ration            |     1 |     2 |     5 ||     8
       Chunk             |     1 |       |       ||     1
Armor: Robe              |     3 |     1 |    36 ||    40
Dodge: Dodged            |    18 |    27 |    83 ||   128

Table legend:
 A = Spawn XP
 B = Non-spawn XP
 C = Spawn XP percentage of total XP
 D = Spawn monster count
 E = Non-spawn monster count
 F = Spawn count percentage of total count
 G = Total turns spent on level
                    A         B        C        D         E        F      G
               +---------+---------+-------+---------+---------+-------+---------
         Total |       0 |    4754 |   0.0 |       0 |     153 |   0.0 |  8223
               +---------+---------+-------+---------+---------+-------+---------
           D:1 |       0 |      43 |   0.0 |       0 |      27 |   0.0 |   989
           D:2 |       0 |     105 |   0.0 |       0 |      16 |   0.0 |  1115
           D:3 |       0 |      46 |   0.0 |       0 |      11 |   0.0 |   496
           D:4 |       0 |     395 |   0.0 |       0 |      18 |   0.0 |  1118
           D:5 |       0 |     817 |   0.0 |       0 |      28 |   0.0 |  1615
           D:6 |       0 |    1235 |   0.0 |       0 |      23 |   0.0 |  1682
           D:7 |       0 |    2113 |   0.0 |       0 |      30 |   0.0 |  1208
               +---------+---------+-------+---------+---------+-------+---------
